TL
AMARILLO GOLD SOX @ ROUND ROCK EXPRESS
06/28/1982
 
TOP OF THE 1ST
Amarillo Gold Sox batting - Pitching for Round Rock Express : RHP Jesus Laguna
Pitching: RHP Jesus Laguna
Batting: SHB Mike Felder 0-0: Called Strike
0-1: Swinging Strike
0-2: Ball
1-2: Ball
2-2: Ball
3-2: Foul Ball, location: 2F
3-2: Base on Balls
Batting: LHB Hector Arroyo 0-0: Ball
1-0: Ball
2-0: SINGLE (Groundball, 4MD, EV 103.1 MPH)
Mike Felder to second
Runner from 2nd tries for 3rd, SAFE, throw by CF made to third
Batting: SHB Al Newman 0-0: Called Strike
Hector Arroyo is caught stealing 2nd base 2-6
0-1: Swinging Strike
0-2: Ball
1-2: Hit by Pitch
Batting: LHB Louie Meadows 0-0: Called Strike
0-1: Swinging Strike
0-2: Strikes out swinging
Batting: SHB Steve Jeltz 0-0: Called Strike
0-1: Ball
Al Newman steals 2nd base (no throw)
1-1: Swinging Strike
1-2: Strikes out looking
Top of the 1st over - 0 runs, 1 hit, 0 errors, 2 left on base; Amarillo 0 - Round Rock 0
BOTTOM OF THE 1ST
Round Rock Express batting - Pitching for Amarillo Gold Sox : RHP Stew Cliburn
Pitching: RHP Stew Cliburn
Batting: LHB Steve Lyons 0-0: Called Strike
0-1: Ball
1-1: Ball
2-1: Ball
3-1: Base on Balls
Batting: LHB Luis Armijo 0-0: Ball
1-0: Called Strike
1-1: Ball
2-1: Fly out, F8 (Flyball, 8LS, EV 94.4 MPH)
Batting: RHB Alejandro Sanchez 0-0: Ball
1-0: Ball
2-0: Foul Ball, location: 2F
2-1: Called Strike
Steve Lyons steals 2nd base
2-2: SINGLE (Groundball, 56D, EV 106.9 MPH)
Steve Lyons to third
Runner from 3rd tries for Home, SAFE, throw by LF to home
Batting: LHB Al Chambers 0-0: Ball
1-0: Fly out, F8 (Flyball, 8RXD, EV 87.5 MPH)
Runner from 1st tags up, SAFE at 2nd
Batting: LHB Dave Sanchez 0-0: Ball
Alejandro Sanchez steals 3rd base
1-0: Called Strike
1-1: Ball
2-1: Ball
3-1: Called Strike
3-2: Strikes out swinging
Bottom of the 1st over - 1 run, 1 hit, 0 errors, 1 left on base; Amarillo 0 - Round Rock 1
TOP OF THE 2ND
Amarillo Gold Sox batting - Pitching for Round Rock Express : RHP Jesus Laguna
Batting: LHB Derwin McNealy 0-0: Ball
1-0: Foul Ball, location: 2F
1-1: Ball
2-1: Ball
3-1: Base on Balls
Batting: RHB Bill Pecota 0-0: Ball
1-0: Ball
2-0: Fly out, F9 (Flyball, 9S, EV 87.5 MPH)
Batting: RHB Vic Alvarado 0-0: Called Strike
0-1: Called Strike
0-2: Ball
1-2: Strikes out swinging
Batting: RHB Todd Smith 0-0: Ball
Derwin McNealy steals 2nd base
1-0: Ball
2-0: Called Strike
2-1: Ball
3-1: Foul Ball, location: 2F
3-2: Strikes out swinging
Top of the 2nd over - 0 runs, 0 hits, 0 errors, 1 left on base; Amarillo 0 - Round Rock 1
BOTTOM OF THE 2ND
Round Rock Express batting - Pitching for Amarillo Gold Sox : RHP Stew Cliburn
Batting: LHB James Jennings 0-0: Swinging Strike
0-1: Ball
1-1: Called Strike
1-2: Foul Ball, location: 2F
1-2: Ball
2-2: Strikes out swinging
Batting: RHB Mike Sodders 0-0: Ball
1-0: Ground out 6-3 (Groundball, 6, EV 83.1 MPH)
Batting: LHB Buck Showalter 0-0: Ground out 6-3 (Groundball, 6M, EV 84.4 MPH)
Bottom of the 2nd over - 0 runs, 0 hits, 0 errors, 0 left on base; Amarillo 0 - Round Rock 1
TOP OF THE 3RD
Amarillo Gold Sox batting - Pitching for Round Rock Express : RHP Jesus Laguna
Batting: SHB Mike Felder 0-0: Ball
1-0: Ball
2-0: Called Strike
2-1: Fly out, F8 (Flyball, 8LM, EV 91.3 MPH)
Batting: LHB Hector Arroyo 0-0: Ball
1-0: Ground out 3-1 (Groundball, 34S, EV 79.4 MPH)
Batting: SHB Al Newman 0-0: Ball
1-0: Ground out 4-3 (Groundball, 4, EV 88.1 MPH)
Top of the 3rd over - 0 runs, 0 hits, 0 errors, 0 left on base; Amarillo 0 - Round Rock 1
BOTTOM OF THE 3RD
Round Rock Express batting - Pitching for Amarillo Gold Sox : RHP Stew Cliburn
Batting: RHB George Ramos 0-0: Ball
1-0: Swinging Strike
1-1: Fly out, F9 (Flyball, 89D, EV 96.3 MPH)
Batting: LHB Steve Lyons 0-0: Ball
1-0: Ball
2-0: Swinging Strike
2-1: Ball
3-1: Foul Ball, location: 2F
3-2: Base on Balls
Batting: LHB Luis Armijo 0-0: Fly out, F7 (Flyball, 7LD, EV 93.8 MPH)
Batting: RHB Alejandro Sanchez 0-0: Ball
Steve Lyons is caught stealing 2nd base 2-4
Bottom of the 3rd over - 0 runs, 0 hits, 0 errors, 0 left on base; Amarillo 0 - Round Rock 1
TOP OF THE 4TH
Amarillo Gold Sox batting - Pitching for Round Rock Express : RHP Jesus Laguna
Batting: LHB Louie Meadows 0-0: Ball
1-0: DOUBLE (Line Drive, 3D, EV 98.8 MPH)
Batting: SHB Steve Jeltz 0-0: Ball
1-0: Called Strike
1-1: Foul Ball, location: 2F
1-2: Ball
2-2: Foul Ball, location: 2F
2-2: Ball
3-2: Foul Ball, location: 2F
3-2: Foul Ball, location: 2F
3-2: Base on Balls
Batting: LHB Derwin McNealy 0-0: Ball
1-0: Ball
Passed Ball!
Louie Meadows to third
Steve Jeltz to second
2-0: Called Strike
2-1: Ball
3-1: Swinging Strike
3-2: Strikes out looking
Batting: RHB Bill Pecota 0-0: Foul Ball, location: 2F
0-1: Ball
1-1: Called Strike
1-2: Ball
2-2: Strikes out looking
Batting: RHB Vic Alvarado 0-0: Ball
1-0: Ball
2-0: Called Strike
2-1: Ground out 6-3 (Groundball, 6, EV 77.5 MPH)
Top of the 4th over - 0 runs, 1 hit, 0 errors, 2 left on base; Amarillo 0 - Round Rock 1
BOTTOM OF THE 4TH
Round Rock Express batting - Pitching for Amarillo Gold Sox : RHP Stew Cliburn
Batting: RHB Alejandro Sanchez 0-0: Ball
1-0: Called Strike
1-1: Foul Ball, location: 2F
1-2: Ball
2-2: Ball
3-2: Fly out, F4 (Popup, 34, EV 71.9 MPH)
Batting: LHB Al Chambers 0-0: Swinging Strike
0-1: Ball
1-1: Swinging Strike
1-2: Foul Ball, location: 2F
1-2: Foul Ball, location: 2F
1-2: Strikes out swinging
Batting: LHB Dave Sanchez 0-0: Called Strike
0-1: Ball
1-1: Called Strike
1-2: Foul Ball, location: 2F
1-2: Fly out, F8 (Line Drive, 8RD, EV 95.6 MPH)
Bottom of the 4th over - 0 runs, 0 hits, 0 errors, 0 left on base; Amarillo 0 - Round Rock 1
TOP OF THE 5TH
Amarillo Gold Sox batting - Pitching for Round Rock Express : RHP Jesus Laguna
Batting: RHB Todd Smith 0-0: Foul Ball, location: 2F
0-1: Ball
1-1: Called Strike
1-2: Ball
2-2: Ball
3-2: Strikes out swinging
Batting: SHB Mike Felder 0-0: Ball
1-0: Called Strike
1-1: Swinging Strike
1-2: Ball
2-2: Foul Ball, location: 2F
2-2: SINGLE (Line Drive, 7S, EV 101.9 MPH)
Batting: LHB Hector Arroyo 0-0: Ball
1-0: Ground out 4-3 (Groundball, 34D, EV 84.4 MPH)
Mike Felder to second
Batting: SHB Al Newman 0-0: Ball
1-0: Ball
2-0: Ball
3-0: Base on Balls
Batting: LHB Louie Meadows 0-0: Called Strike
0-1: Ball
1-1: Swinging Strike
1-2: Ball
2-2: Strikes out looking
Top of the 5th over - 0 runs, 1 hit, 0 errors, 2 left on base; Amarillo 0 - Round Rock 1
BOTTOM OF THE 5TH
Round Rock Express batting - Pitching for Amarillo Gold Sox : RHP Stew Cliburn
Batting: LHB James Jennings 0-0: Foul Ball, location: 2F
0-1: Foul Ball, location: 2F
0-2: Strikes out swinging
Batting: RHB Mike Sodders 0-0: Fly out, F9 (Flyball, 9D, EV 97.5 MPH)
Batting: LHB Buck Showalter 0-0: Swinging Strike
0-1: Ball
1-1: Ball
2-1: Ball
3-1: Base on Balls
Batting: RHB George Ramos 0-0: Ball
1-0: Ball
2-0: Called Strike
2-1: Fly out, F8 (Flyball, 78M, EV 78.8 MPH)
Bottom of the 5th over - 0 runs, 0 hits, 0 errors, 1 left on base; Amarillo 0 - Round Rock 1
TOP OF THE 6TH
Amarillo Gold Sox batting - Pitching for Round Rock Express : RHP Jesus Laguna
Batting: SHB Steve Jeltz 0-0: Swinging Strike
0-1: Called Strike
0-2: Ball
1-2: Ball
2-2: Ground out 5-3 (Groundball, 56S, EV 74.4 MPH)
Batting: LHB Derwin McNealy 0-0: Ball
1-0: Swinging Strike
1-1: Foul Ball, location: 2F
1-2: Fly out, F2 (Popup, 3SF, EV 73.1 MPH)
Batting: RHB Bill Pecota 0-0: SINGLE (Flyball, 6MD, EV 92.5 MPH)
Pitching: RHP Jeff Keener
Batting: RHB Vic Alvarado 0-0: Ball
Bill Pecota steals 2nd base
1-0: Ball
2-0: Fly out, F8 (Flyball, 89M, EV 84.4 MPH)
Top of the 6th over - 0 runs, 1 hit, 0 errors, 1 left on base; Amarillo 0 - Round Rock 1
BOTTOM OF THE 6TH
Round Rock Express batting - Pitching for Amarillo Gold Sox : RHP Stew Cliburn
Batting: LHB Steve Lyons 0-0: Ball
1-0: Called Strike
1-1: Foul Ball, location: 2F
1-2: Foul Ball, location: 2F
1-2: Ball
2-2: Foul Ball, location: 2F
2-2: Ball
3-2: DOUBLE (Flyball, 78XD, EV 91.9 MPH)
Batting: LHB Luis Armijo 0-0: Bunt missed!
0-1: Bunted foul
0-2: Strikes out swinging
Batting: RHB Alejandro Sanchez 0-0: Called Strike
Steve Lyons steals 3rd base
0-1: Ball
1-1: Foul Ball, location: 2F
1-2: Fly out, F7 (Flyball, 78D, EV 105.6 MPH)
Runner from 3rd tags up, SCORES, throw by LF
Batting: LHB Al Chambers 0-0: Ball
1-0: Ball
2-0: Ball
3-0: Called Strike
3-1: Fly out, F8 (Line Drive, 8LM, EV 94.4 MPH)
Bottom of the 6th over - 1 run, 1 hit, 0 errors, 0 left on base; Amarillo 0 - Round Rock 2
TOP OF THE 7TH
Amarillo Gold Sox batting - Pitching for Round Rock Express : RHP Jeff Keener
Batting: RHB Todd Smith 0-0: Ball
1-0: Called Strike
1-1: Foul Ball, location: 2F
1-2: Fly out, F7 (Flyball, 7LM, EV 98.8 MPH)
Batting: SHB Mike Felder 0-0: Called Strike
0-1: Foul Ball, location: 2F
0-2: Ball
1-2: Strikes out swinging
Batting: LHB Hector Arroyo 0-0: Foul Ball, location: 2F
0-1: Foul Ball, location: 2F
0-2: Ground out 3-1 (Groundball, 34, EV 83.1 MPH)
Top of the 7th over - 0 runs, 0 hits, 0 errors, 0 left on base; Amarillo 0 - Round Rock 2
BOTTOM OF THE 7TH
Round Rock Express batting - Pitching for Amarillo Gold Sox : RHP Stew Cliburn
Batting: LHB Dave Sanchez 0-0: Swinging Strike
0-1: Foul Ball, location: 2F
0-2: Ball
1-2: Ball
2-2: Ball
3-2: Reached on error, E3 (Groundball, 3, EV 88.8 MPH)
Pitching: RHP Charles Schupp
Batting: LHB James Jennings 0-0: Sac Bunt to 5S - play at first, batter OUT! 5-3
Dave Sanchez to second
Batting: RHB Mike Sodders 0-0: Ball
1-0: Ball
2-0: SINGLE (Line Drive, 8LS, EV 86.9 MPH)
Dave Sanchez to third
Runner from 3rd tries for Home, SAFE, throw by CF to home
Batting: LHB Buck Showalter 0-0: SINGLE (Groundball, 25, EV 72.5 MPH) (infield hit)
Mike Sodders to second
Batting: RHB George Ramos 0-0: Fielders Choice at 2nd, 6-4 (Groundball, 6, EV 88.8 MPH)
Mike Sodders to third
Batting: LHB Steve Lyons 0-0: Ball
1-0: Foul Ball, location: 2F
1-1: Fly out, F8 (Flyball, 8LM, EV 87.5 MPH)
Bottom of the 7th over - 1 run, 2 hits, 1 error, 2 left on base; Amarillo 0 - Round Rock 3
TOP OF THE 8TH
Amarillo Gold Sox batting - Pitching for Round Rock Express : RHP Jeff Keener
Batting: SHB Al Newman 0-0: Ball
1-0: Foul Ball, location: 2F
1-1: Ball
2-1: Foul Ball, location: 2F
2-2: Ball
3-2: DOUBLE (Groundball, 3L, EV 101.9 MPH)
Batting: LHB Louie Meadows 0-0: Ball
1-0: Ball
2-0: Ball
3-0: Base on Balls
Batting: SHB Steve Jeltz 0-0: Ball
1-0: Called Strike
1-1: Called Strike
1-2: Ball
2-2: Ball
3-2: Base on Balls
Al Newman to third
Louie Meadows to second
Pitching: RHP Mario Kaufman
Batting: LHB Derwin McNealy 0-0: Called Strike
0-1: Ball
1-1: SINGLE (Groundball, 6, EV 104.4 MPH)
Al Newman scores
Louie Meadows to third
Steve Jeltz to second
Batting: RHB Bill Pecota 0-0: Ball
1-0: Foul Ball, location: 2F
1-1: Ball
2-1: Fly out, F4 (Popup, 34D, EV 63.1 MPH)
Batting: RHB Vic Alvarado 0-0: Ball
1-0: Ball
2-0: Called Strike
2-1: Swinging Strike
2-2: Strikes out swinging
Pinch Hitting: LHB Russ Laribee 0-0: Foul Ball, location: 2F
0-1: Ball
1-1: Swinging Strike
1-2: Strikes out swinging
Top of the 8th over - 1 run, 2 hits, 0 errors, 3 left on base; Amarillo 1 - Round Rock 3
BOTTOM OF THE 8TH
Round Rock Express batting - Pitching for Amarillo Gold Sox : RHP Charles Schupp
Now at 1B: Chino Cadahia
Batting: LHB Luis Armijo 0-0: Called Strike
0-1: Ball
1-1: Called Strike
1-2: Ball
2-2: Ball
3-2: Fly out, F9 (Line Drive, 9D, EV 98.8 MPH)
Batting: RHB Alejandro Sanchez 0-0: SINGLE (Groundball, 34D, EV 105.6 MPH)
Batting: LHB Al Chambers 0-0: Ball
1-0: Ball
Alejandro Sanchez steals 2nd base
2-0: Foul Ball, location: 2F
2-1: Swinging Strike
2-2: Foul Ball, location: 2F
2-2: Ground out 6-3 (Groundball, 6, EV 108.8 MPH)
Batting: LHB Dave Sanchez 0-0: Ball
1-0: Ball
2-0: Ball
3-0: Called Strike
3-1: Called Strike
3-2: Ground out 5-3 (Groundball, 56, EV 101.9 MPH)
Bottom of the 8th over - 0 runs, 1 hit, 0 errors, 1 left on base; Amarillo 1 - Round Rock 3
TOP OF THE 9TH
Amarillo Gold Sox batting - Pitching for Round Rock Express : RHP Mario Kaufman
Pitching: LHP Ronald Wrobel
Batting: SHB Mike Felder 0-0: SINGLE (Line Drive, 7S, EV 110.0 MPH)
Pinch Hitting: RHB Dan Henry 0-0: Ball
1-0: Ball
2-0: SINGLE (Groundball, 56D, EV 103.1 MPH)
Mike Felder to second
Batting: SHB Al Newman 0-0: Called Strike
0-1: Ball
Mike Felder steals 3rd base (no throw)
1-1: Foul Ball, location: 2F
1-2: Fielders Choice at 2nd, 4-6 (Groundball, 4, EV 88.8 MPH)
Mike Felder scores
Batting: LHB Louie Meadows 0-0: Reached on error, E6 (Groundball, 56, EV 100.6 MPH)
Al Newman to second
Batting: SHB Steve Jeltz 0-0: Ball
1-0: Foul Ball, location: 2F
1-1: Foul Ball, location: 2F
1-2: Strikes out swinging
Batting: LHB Derwin McNealy 0-0: Ball
1-0: Ball
2-0: Called Strike
2-1: Fly out, F3 (Line Drive, 3, EV 77.5 MPH)
Top of the 9th over - 1 run, 2 hits, 1 error, 2 left on base; Amarillo 2 - Round Rock 3
Wednesday, August 12th, 2020 - OOTP Baseball 21.5 Build 76